[Event "Titled Tuesday Blitz November 22 Early 2022"]
[White "Madaminov, Mukhiddin"]
[Black "Le, Tuan Minh"]
[WhiteFideId "14210703"]
[BlackFideId "12401153"]
[WhiteElo "2341"]
[BlackElo "2530"]
[Result "0-1"]
[Round "09"]
[TimeControl "180+1"]
[Date "2022.11.22"]
[WhiteClock "0:00:20"]
[BlackClock "0:00:10"]

1. d4 d5 2. Nc3 Nf6 3. Bf4 Bf5 4. f3 e6 5. g4 Bg6 6. h4 h6 7. e3 a6 8. Bd3 Bxd3 9. Qxd3 c5 10. Nge2 Nc6 11. O-O-O c4 12. Qd2 Bb4 13. g5 Nh5 14. e4 Ne7 15. gxh6 gxh6 16. Bxh6 Qd7 17. a3 Bxc3 18. Nxc3 O-O-O 19. Rhg1 f6 20. Be3 Kb8 21. Rg4 Rh7 22. Rdg1 Rdh8 23. Kb1 Rd8 24. Qh2+ Ka8 25. Bf2 Rc8 26. e5 fxe5 27. Qxe5 Nc6 28. Qe3 Rf8 29. Na4 Qf7 30. Nc5 Qxf3 31. Rg8 Rf7 32. Nxe6 Rxg8 33. Rxg8+ Ka7 34. Rg5 Qd1+ 35. Qc1 Qe2 36. Be3 Rf1 37. Rxd5 Rxc1+ 38. Bxc1 Qxe6 39. Rxh5 Nxd4 40. Rc5 Kb6 41. Rg5 Qe4 42. Ka2 Qxc2 43. Rg1 Ne2 44. Be3+ Kc6 45. Rc1 Nxc1+ 0-1


[Site "https://www.chess.com"]

[Event "Titled Tuesday Blitz November 22 Early 2022"]
[White "Makhmudov, Shukhrat"]
[Black "Donskov, Anatoly"]
[WhiteFideId "14200775"]
[BlackFideId "24143413"]
[WhiteElo "2135"]
[BlackElo "2219"]
[Result "0-1"]
[Round "09"]
[TimeControl "180+1"]
[Date "2022.11.23"]
[WhiteClock "0:00:13"]
[BlackClock "0:00:10"]

1. e4 c5 2. Nf3 e6 3. c3 d5 4. e5 d4 5. Bb5+ Bd7 6. Bxd7+ Qxd7 7. d3 Nc6 8. O-O Nge7 9. c4 Ng6 10. Re1 Be7 11. g3 O-O 12. h4 Bd8 13. Kg2 h6 14. h5 Nge7 15. Nbd2 b6 16. Ne4 Kh7 17. Qd2 Ng8 18. g4 f5 19. gxf5 Rxf5 20. Ng3 Rf7 21. Qe2 Bc7 22. Qe4+ Kh8 23. Nh4 Nge7 24. f4 Raf8 25. Rf1 Kg8 26. Bd2 Bd8 27. a3 Nf5 28. Ng6 Re8 29. Nxf5 exf5 30. Qd5 Qe6 31. b4 Rd7 32. Qf3 Ne7 33. Nh4 Kh7 34. Qh3 Rf8 35. Rg1 Rg8 36. Kh2 Bc7 37. Rae1 a5 38. b5 Bd8 39. Rg3 Nc8 40. Qxf5+ Qxf5 41. Nxf5 Rf7 42. Nh4 Bxh4 43. Reg1 Bxg3+ 44. Rxg3 Re7 45. Rg6 Rf8 46. Kg3 Kg8 47. Kg4 Kf7 48. Be1 Re6 49. Kf5 Rxg6 50. hxg6+ Ke7+ 51. Ke4 Ke6 52. Bh4 Ne7 53. Bxe7 Kxe7 54. f5 h5 55. Kf4 h4 56. Kg5 h3 57. f6+ gxf6+ 58. exf6+ Rxf6 59. g7 Rf8 60. gxf8=Q+ Kxf8 61. Kf5 h2 62. Ke5 h1=Q 0-1


[Site "https://www.chess.com"]

[Event "Titled Tuesday Blitz November 22 Early 2022"]
[White "Malyi, Viacheslav"]
[Black "Papasimakopoulos, Alexandros"]
[WhiteFideId "14123983"]
[BlackFideId "4244125"]
[WhiteElo "2291"]
[BlackElo "2365"]
[Result "0-1"]
[Round "09"]
[TimeControl "180+1"]
[Date "2022.11.23"]
[WhiteClock "0:00:09"]
[BlackClock "0:00:20"]

1. e4 e6 2. d4 d5 3. Nc3 Bb4 4. e5 b6 5. a3 Bf8 6. f4 Nh6 7. Nf3 Be7 8. Bd3 Ba6 9. O-O Bxd3 10. Qxd3 c5 11. Ne2 Nc6 12. c3 O-O 13. Ng3 f6 14. exf6 Bxf6 15. Ne5 Qd6 16. Be3 Rac8 17. Rae1 cxd4 18. Bxd4 Nxd4 19. cxd4 Rc7 20. f5 exf5 21. Nxf5 Nxf5 22. Rxf5 Re8 23. Ref1 Rce7 24. Ng4 Re1 25. Nxf6+ gxf6 26. g3 R8e3 27. Qd2 R1e2 28. Rxf6 Rxg3+ 29. Kh1 Rxd2 30. Rxd6 Rg5 31. Rg1 Rxg1+ 32. Kxg1 Rxd4 33. Rd8+ Kg7 34. Rd7+ Kg6 35. Rxa7 Rd1+ 36. Kf2 Rd2+ 37. Ke3 Rxb2 38. h4 Rh2 39. Kd4 Rxh4+ 40. Kxd5 Rh3 41. Kc6 Rb3 42. a4 h5 43. Rb7 h4 44. Rxb6 Rxb6+ 45. Kxb6 h3 46. a5 h2 47. a6 h1=Q 48. a7 Qa8 49. Kc7 Kf6 0-1


[Site "https://www.chess.com"]

[Event "Titled Tuesday Blitz November 22 Early 2022"]
[White "Melikyan, Gnel"]
[Black "Samunenkov, Ihor"]
[WhiteFideId "54109990"]
[BlackFideId "14187086"]
[WhiteElo "2138"]
[BlackElo "2441"]
[Result "0-1"]
[Round "09"]
[TimeControl "180+1"]
[Date "2022.11.23"]
[WhiteClock "0:00:08"]
[BlackClock "0:00:04"]

1. a3 d5 2. d4 Nf6 3. Nf3 Bf5 4. Bf4 e6 5. e3 Bd6 6. Bxd6 Qxd6 7. c4 dxc4 8. Bxc4 O-O 9. O-O c5 10. dxc5 Qxc5 11. Qd4 Qe7 12. Nc3 Nc6 13. Qh4 h6 14. Rfd1 Rac8 15. Bd3 Bxd3 16. Rxd3 Rfd8 17. Rad1 Rxd3 18. Rxd3 Rd8 19. Qc4 a6 20. Kf1 Rc8 21. Ne5 Kh7 22. Nxc6 Rxc6 23. Qd4 Qc7 24. g3 b5 25. Qd8 Qb7 26. Rd4 Rc8 27. Qd6 Qh1+ 28. Ke2 Qxh2 29. Qxa6 Rc5 30. Qb7 Qh5+ 31. Qf3 Qg6 32. e4 Ng4 33. Rd1 Ne5 34. Qe3 Qh5+ 35. f3 Nc4 36. Qf2 Nxb2 37. Rc1 Na4 38. Kd3 Qe5 39. Qd2 Nxc3 40. Rxc3 Rxc3+ 41. Qxc3 Qxg3 42. Ke3 Qg1+ 43. Kf4 Qg5# 0-1


[Site "https://www.chess.com"]

[Event "Titled Tuesday Blitz November 22 Early 2022"]
[White "Mesa Cruz, Juan Carlos"]
[Black "Johnson, Ben"]
[WhiteFideId "6423400"]
[BlackFideId "2010917"]
[WhiteElo "2059"]
[BlackElo "2141"]
[Result "1-0"]
[Round "09"]
[TimeControl "180+1"]
[Date "2022.11.23"]
[WhiteClock "0:00:21"]
[BlackClock "0:00:03"]

1. e4 c5 2. Nf3 Nc6 3. c3 Nf6 4. e5 Nd5 5. d4 cxd4 6. cxd4 d6 7. Bc4 Nb6 8. Bb3 dxe5 9. dxe5 Qxd1+ 10. Bxd1 Bg4 11. Nbd2 e6 12. h3 Bh5 13. a3 O-O-O 14. O-O Be7 15. Re1 Rd7 16. Nb3 Rxd1 17. Rxd1 Nxe5 18. Bf4 Nxf3+ 19. gxf3 Bxf3 20. Rac1+ Bc6 21. Na5 Nd5 22. Nxc6 bxc6 23. Rxc6+ Kd7 24. Rc7+ Kd8 25. Rxa7 Ke8 26. Ra8+ Bd8 27. Bc7 Ke7 28. Bxd8+ Rxd8 29. Rxd8 Kxd8 30. Kg2 Kc7 31. Kf3 Kc6 32. Rg1 g6 33. Rc1+ Kb5 34. Ke4 Nb6 35. b3 Nd5 36. Ke5 f6+ 37. Kxe6 Nf4+ 38. Kxf6 Nxh3 39. Rc2 Nf4 40. Kg7 h5 41. Rc4 g5 42. Kf6 h4 43. Kxg5 Ng2 44. Rxh4 1-0


[Site "https://www.chess.com"]

[Event "Titled Tuesday Blitz November 22 Early 2022"]
[White "Miszler, Levente"]
[Black "Ajay, Karthikeyan"]
[WhiteFideId "763276"]
[BlackFideId "35011685"]
[WhiteElo "2176"]
[BlackElo "2337"]
[Result "0-1"]
[Round "09"]
[TimeControl "180+1"]
[Date "2022.11.23"]
[WhiteClock "0:00:38"]
[BlackClock "0:00:19"]

1. Nf3 d5 2. d4 Nf6 3. g3 Bf5 4. Bg2 e6 5. O-O h6 6. c4 c6 7. Nc3 Nbd7 8. Nd2 Be7 9. e4 dxe4 10. Ndxe4 O-O 11. Be3 Nxe4 12. Nxe4 Nf6 13. Nxf6+ Bxf6 14. Qb3 Qb6 15. d5 Qxb3 16. axb3 cxd5 17. cxd5 exd5 18. Bxd5 Bxb2 19. Rxa7 Rxa7 20. Bxa7 Rd8 21. Rd1 Be6 22. Bf3 Ra8 23. Rd2 Bc1 24. Rc2 Bxb3 25. Rxc1 Rxa7 26. Rb1 Bc4 27. Bxb7 g6 28. Bg2 Kg7 29. Bf1 Be6 30. h4 g5 31. hxg5 hxg5 32. Rc1 Ra5 33. Bg2 Ra2 34. Bf3 Rd2 35. Rd1 Rc2 36. Be4 Re2 37. Bf3 Rc2 38. Be4 Rb2 39. Bd5 Bg4 40. Re1 Kf6 41. Kg2 Be2 42. Bf3 Bc4 43. Rc1 Be6 44. Rc6 Ke5 45. Ra6 g4 46. Ra5+ Kf6 47. Bd1 Rd2 48. Ra1 Kg5 49. Kf1 Bc4+ 50. Ke1 Rd5 51. f3 Rd3 52. Ra5+ Kf6 53. Ra4 Rxd1+ 54. Kxd1 Bb3+ 55. Kd2 Bxa4 56. fxg4 Bd7 57. Ke3 Bxg4 58. Kf4 Be6 59. g4 Kg6 0-1


[Site "https://www.chess.com"]

[Event "Titled Tuesday Blitz November 22 Early 2022"]
[White "Munkhgal, Gombosuren"]
[Black "Tologon tegin, Semetei"]
[WhiteFideId "4901266"]
[BlackFideId "13800574"]
[WhiteElo "2576"]
[BlackElo "2282"]
[Result "1-0"]
[Round "09"]
[TimeControl "180+1"]
[Date "2022.11.22"]
[WhiteClock "0:01:04"]
[BlackClock "0:00:29"]

1. d4 Nf6 2. Bf4 d5 3. e3 c5 4. c3 Nc6 5. Nd2 Qb6 6. Qb3 Bf5 7. dxc5 Qxb3 8. Nxb3 e5 9. Bg3 Nd7 10. Bb5 f6 11. O-O-O Be6 12. f4 a6 13. Bxc6 bxc6 14. fxe5 fxe5 15. Nf3 Bg4 16. Rdf1 Bxf3 17. Rxf3 Nxc5 18. Nxc5 Bxc5 19. Bxe5 Ra7 20. Bd4 Bxd4 21. exd4 Re7 22. Kd2 Kd7 23. Re1 Rhe8 24. Rxe7+ Rxe7 25. Rf8 Kc7 26. Rh8 h6 27. Rg8 Rf7 28. Ke3 Re7+ 29. Kf3 Rf7+ 30. Kg3 Kb6 31. h4 Re7 32. Kf3 a5 33. a4 Rf7+ 34. Ke3 Re7+ 35. Kd3 Rf7 36. g4 Rf3+ 37. Ke2 Rh3 38. h5 Rh2+ 39. Kd3 Ka6 40. Rxg7 Rxb2 41. Rg6 Kb6 42. Rxh6 Ra2 43. g5 Rg2 44. g6 Rg3+ 45. Ke2 Kc7 46. Rh7+ Kd6 47. g7 Ke6 48. h6 1-0


[Site "https://www.chess.com"]

[Event "Titled Tuesday Blitz November 22 Early 2022"]
[White "Nakamura, Hikaru"]
[Black "Jobava, Baadur"]
[WhiteFideId "2016192"]
[BlackFideId "13601520"]
[WhiteElo "2909"]
[BlackElo "2582"]
[Result "1/2-1/2"]
[Round "09"]
[TimeControl "180+1"]
[Date "2022.11.22"]
[WhiteClock "0:00:05"]
[BlackClock "0:00:08"]

1. Nf3 d5 2. e3 c6 3. c4 Nf6 4. d4 Bf5 5. Nc3 e6 6. Nh4 Bg6 7. Nxg6 hxg6 8. Rb1 Nbd7 9. c5 g5 10. b4 a6 11. a4 g6 12. b5 axb5 13. axb5 Bg7 14. g4 e5 15. h3 O-O 16. Bg2 exd4 17. exd4 Re8+ 18. Be3 Ra3 19. Ne2 Qa5+ 20. Bd2 Qa4 21. Qxa4 Rxa4 22. bxc6 bxc6 23. Be3 Ra2 24. Bf3 Ne4 25. Bxe4 Rxe4 26. Nc3 Rxe3+ 27. fxe3 Ra3 28. Kd2 Nxc5 29. Kc2 Ne4 30. Rb8+ Kh7 31. Nxe4 dxe4 32. h4 Kh6 33. Rb3 Ra2+ 34. Rb2 Ra3 35. Rb7 Rxe3 36. h5 Bxd4 37. Rxf7 Rc3+ 38. Kd1 Rd3+ 39. Ke2 Re3+ 40. Kd2 Rd3+ 41. Kc2 Rc3+ 42. Kb1 Rb3+ 43. Ka2 Rb2+ 44. Ka3 Rg2 45. Rd7 c5 46. Rd6 Rg3+ 47. Ka4 Kg7 48. hxg6 Bf6 49. Rf1 Rf3 50. Rxf3 exf3 51. Rd3 f2 52. Rf3 Bd4 53. Kb5 Kxg6 54. Kc4 Kg7 55. Rf5 Kg6 56. Kd5 Be3 57. Ke4 Bd4 58. Kd3 Kh6 59. Ke2 Kg6 60. Kd2 Kh6 61. Kd3 Kg6 62. Ke4 Kh6 63. Rf3 Kg6 64. Kd5 Be3 65. Kc4 Bd4 66. Kb3 Kg7 67. Kc2 Kg6 68. Kd2 Kg7 69. Ke2 Kg6 70. Rf5 Kh6 71. Rf3 Kg6 72. Kd1 Kg7 73. Kd2 Kg6 74. Kd3 Kg7 75. Ke4 Kg6 76. Rf5 Kh6 77. Kd5 Kg6 78. Rf3 Kg7 79. Ke4 Kg6 1/2-1/2


[Site "https://www.chess.com"]

[Event "Titled Tuesday Blitz November 22 Early 2022"]
[White "Nugumanov, Bakhtiyar"]
[Black "Ljukin, Sergei"]
[WhiteFideId "13701797"]
[BlackFideId "14102200"]
[WhiteElo "2287"]
[BlackElo "2312"]
[Result "1-0"]
[Round "09"]
[TimeControl "180+1"]
[Date "2022.11.23"]
[WhiteClock "0:01:19"]
[BlackClock "0:00:29"]

1. Nf3 d5 2. g3 Nc6 3. d4 Bf5 4. Bg2 Qd7 5. c4 dxc4 6. d5 O-O-O 7. Nc3 Nb4 8. O-O Nxd5 9. Nxd5 Qxd5 10. Qa4 a6 11. Ng5 Bd7 12. Qc2 Qb5 13. Nxf7 Bc6 14. Nxd8 Kxd8 15. Rd1+ Kc8 16. a4 Qc5 17. Be3 1-0


[Site "https://www.chess.com"]

[Event "Titled Tuesday Blitz November 22 Early 2022"]
[White "Orzech, Dominik"]
[Black "Zaksaite, Salomeja"]
[WhiteFideId "1115065"]
[BlackFideId "12801496"]
[WhiteElo "2272"]
[BlackElo "2079"]
[Result "0-1"]
[Round "09"]
[TimeControl "180+1"]
[Date "2022.11.23"]
[WhiteClock "0:02:47"]
[BlackClock "0:02:38"]

1. g3 e5 2. Bg2 d5 3. c4 d4 4. d3 Nf6 5. Nf3 Nc6 6. O-O Bd6 7. b4 Nxb4 8. Nxe5 Bxe5 9. Qa4+ Nc6 10. Bxc6+ bxc6 11. Qxc6+ Bd7 0-1


[Site "https://www.chess.com"]

[Event "Titled Tuesday Blitz November 22 Early 2022"]
[White "Osinovsky, Stepan"]
[Black "Crevatin, Leo"]
[WhiteFideId "4157354"]
[BlackFideId "1726307"]
[WhiteElo "2222"]
[BlackElo "2208"]
[Result "0-1"]
[Round "09"]
[TimeControl "180+1"]
[Date "2022.11.23"]
[WhiteClock "0:00:01"]
[BlackClock "0:01:38"]

1. Nf3 Nf6 2. g3 b5 3. Bg2 Bb7 4. O-O e6 5. d3 Be7 6. e4 O-O 7. Re1 d6 8. Nbd2 c5 9. h4 Nc6 10. e5 Nd5 11. exd6 Bxd6 12. c4 Nc7 13. Ne4 Be7 14. Be3 Nd4 15. cxb5 Ncxb5 16. Rc1 Rc8 17. Ne5 Bd5 18. a4 Nd6 19. Nxc5 Bxg2 20. Kxg2 N6f5 21. Ncd7 Re8 22. Bxd4 Nxd4 23. Qg4 Nf5 24. Rxc8 Qxc8 25. Qc4 Qb7+ 26. Qe4 Qc7 27. Qc4 Rc8 28. Qxc7 Rxc7 29. g4 Nxh4+ 30. Kg3 f6 31. Nc4 Rxd7 32. Kxh4 Kf7 33. Re3 Rd4 34. Kg3 Bc5 35. Rf3 Ke7 0-1


[Site "https://www.chess.com"]

[Event "Titled Tuesday Blitz November 22 Early 2022"]
[White "Osmonbekov, Talaibek"]
[Black "Goriatchkin, Jouri"]
[WhiteFideId "2017253"]
[BlackFideId "4120183"]
[WhiteElo "2135"]
[BlackElo "1928"]
[Result "1-0"]
[Round "09"]
[TimeControl "180+1"]
[Date "2022.11.23"]
[WhiteClock "0:01:52"]
[BlackClock "0:00:34"]

1. d4 d5 2. Bf4 Nf6 3. Nc3 c6 4. e3 Bf5 5. f3 e6 6. g4 Bg6 7. h4 h5 8. g5 Nfd7 9. Bd3 Bxd3 10. Qxd3 c5 11. Nge2 a6 12. g6 f6 13. e4 c4 14. Qe3 Be7 15. exd5 e5 16. dxe5 fxe5 17. Bxe5 Bxh4+ 18. Bg3+ Qe7 19. Qxe7+ Bxe7 20. Nf4 Nf6 21. Ne6 Rg8 22. Nc7+ 1-0


[Site "https://www.chess.com"]

[Event "Titled Tuesday Blitz November 22 Early 2022"]
[White "Palacio,Igor Da Paz"]
[Black "Roque Sola, Gisela"]
[WhiteFideId "2121140"]
[BlackFideId "5120241"]
[WhiteElo "2126"]
[BlackElo "1961"]
[Result "1-0"]
[Round "09"]
[TimeControl "180+1"]
[Date "2022.11.23"]
[WhiteClock "0:00:17"]
[BlackClock "0:00:10"]

1. e4 e6 2. d3 d5 3. Nd2 c5 4. g3 Nc6 5. Bg2 Be7 6. f4 Nf6 7. e5 Nd7 8. Ne2 b5 9. a4 b4 10. c4 Ndb8 11. O-O Bb7 12. b3 O-O 13. Bb2 f6 14. exf6 Bxf6 15. Bxf6 gxf6 16. Nf3 Nd7 17. Bh3 Qe7 18. Re1 Rfe8 19. Kf2 d4 20. Neg1 e5 21. fxe5 fxe5 22. Nd2 Nf6 23. Ne4 Nxe4+ 24. Rxe4 Qf6+ 25. Qf3 Qxf3+ 26. Nxf3 Rf8 27. Be6+ Kg7 28. Bd5 Rae8 29. Rae1 Kf6 30. Kg2 Na5 31. Bxb7 Nxb7 32. Nxe5 Kg7 33. Rg4+ Kh8 34. Nf7+ 1-0


[Site "https://www.chess.com"]

[Event "Titled Tuesday Blitz November 22 Early 2022"]
[White "Petrova, Irina"]
[Black "Ai, Evan"]
[WhiteFideId "14124122"]
[BlackFideId "2094770"]
[WhiteElo "2023"]
[BlackElo "1963"]
[Result "1-0"]
[Round "09"]
[TimeControl "180+1"]
[Date "2022.11.23"]
[WhiteClock "0:00:40"]
[BlackClock "0:00:10"]

1. e4 e5 2. Nf3 Nc6 3. Bb5 a6 4. Ba4 Nf6 5. d3 b5 6. Bb3 Bc5 7. Nc3 h6 8. Nd5 O-O 9. c3 Bb7 10. Rg1 Ng4 11. d4 exd4 12. cxd4 Ba7 13. h3 Nf6 14. Nxf6+ Qxf6 15. Be3 Rfe8 16. e5 Qe7 17. Qd2 Nb4 18. Rc1 Be4 19. Kf1 d6 20. Qxb4 Bd3+ 21. Ke1 c5 22. dxc5 dxc5 23. Bxc5 Qb7 24. Bxa7 Qxa7 25. Qc5 Qb7 26. Qd5 1-0


[Site "https://www.chess.com"]

[Event "Titled Tuesday Blitz November 22 Early 2022"]
[White "Pinheiro, Iung Alicio de O."]
[Black "Kuchava, Ana"]
[WhiteFideId "2104350"]
[BlackFideId "13605348"]
[WhiteElo "2283"]
[BlackElo "2001"]
[Result "1-0"]
[Round "09"]
[TimeControl "180+1"]
[Date "2022.11.23"]
[WhiteClock "0:01:07"]
[BlackClock "0:00:47"]

1. d4 d5 2. c4 dxc4 3. Nf3 Nf6 4. e3 c5 5. Bxc4 e6 6. O-O Nc6 7. Qe2 cxd4 8. Rd1 Be7 9. exd4 O-O 10. Nc3 Nb4 11. Ne5 Nbd5 12. Rd3 Kh8 13. Rh3 Bd7 14. Bd3 Bc6 15. Ne4 Nxe4 16. Qxe4 g6 17. Nxg6+ fxg6 18. Qxg6 Nf6 19. Rxh7+ Nxh7 20. Qxh7# 1-0


[Site "https://www.chess.com"]

[Event "Titled Tuesday Blitz November 22 Early 2022"]
[White "Pranav Anand"]
[Black "Goroshkov, Maksym"]
[WhiteFideId "46626786"]
[BlackFideId "14142716"]
[WhiteElo "2402"]
[BlackElo "2257"]
[Result "1-0"]
[Round "09"]
[TimeControl "180+1"]
[Date "2022.11.23"]
[WhiteClock "0:02:08"]
[BlackClock "0:01:06"]

1. Nf3 Nf6 2. g3 g6 3. Bg2 Bg7 4. O-O O-O 5. c4 d5 6. cxd5 Nxd5 7. Nc3 Nxc3 8. bxc3 c5 9. h4 Nc6 10. Qc2 Bf5 11. e4 Bg4 12. d3 Qd7 13. Be3 b6 14. Nh2 Bh3 15. Rad1 Bxg2 16. Kxg2 Rad8 17. h5 gxh5 18. Nf3 Qg4 19. Rh1 Bf6 20. Rh2 h4 21. Nxh4 Ne5 22. f3 Qh5 23. Qe2 e6 24. g4 Qxh4 25. Rxh4 Bxh4 26. Rh1 Bf6 27. d4 Ng6 28. e5 cxd4 29. exf6 dxe3 30. Qxe3 Rfe8 31. Qh6 1-0


[Site "https://www.chess.com"]

[Event "Titled Tuesday Blitz November 22 Early 2022"]
[White "Pranav, V"]
[Black "Mrudul Dehankar"]
[WhiteFideId "25060783"]
[BlackFideId "25096990"]
[WhiteElo "2430"]
[BlackElo "2068"]
[Result "1-0"]
[Round "09"]
[TimeControl "180+1"]
[Date "2022.11.22"]
[WhiteClock "0:00:49"]
[BlackClock "0:00:01"]

1. e4 c6 2. d4 d5 3. e5 Bf5 4. c4 e6 5. Nc3 Bb4 6. Qb3 Qa5 7. Bd2 Ne7 8. Nf3 O-O 9. Be2 dxc4 10. Bxc4 c5 11. dxc5 Nbc6 12. a3 Bxc3 13. Qxc3 Qxc5 14. b4 Qb6 15. O-O Rac8 16. Rac1 Nd5 17. Qb2 Nce7 18. Rfe1 Rc7 19. Bf1 Rfc8 20. Nd4 Rxc1 21. Rxc1 Rxc1 22. Bxc1 Bg6 23. Nb3 Qc7 24. Nc5 Nc6 25. f4 b6 26. Nb3 a5 27. b5 Nce7 28. Bd2 Qc2 29. Qxc2 Bxc2 30. Nd4 Be4 31. Kf2 Kf8 32. Nf3 Ke8 33. Nd4 Kd7 34. Nb3 f6 35. Bxa5 fxe5 36. fxe5 Bc2 37. Nd4 Ba4 38. Bd2 Ng6 39. Nc6 1-0


[Site "https://www.chess.com"]

[Event "Titled Tuesday Blitz November 22 Early 2022"]
[White "Przybylski, Wojciech"]
[Black "Nguyen Hong Nhung"]
[WhiteFideId "1117599"]
[BlackFideId "12412201"]
[WhiteElo "2221"]
[BlackElo "1904"]
[Result "0-1"]
[Round "09"]
[TimeControl "180+1"]
[Date "2022.11.23"]
[WhiteClock "0:00:01"]
[BlackClock "0:00:30"]

1. e4 c5 2. Nf3 e6 3. d4 cxd4 4. Nxd4 Nc6 5. Nc3 Qc7 6. Be2 a6 7. O-O Nf6 8. Be3 Bb4 9. Na4 Be7 10. Nxc6 bxc6 11. Nb6 Rb8 12. Nxc8 Qxc8 13. b3 Nxe4 14. Qd3 d5 15. Qxa6 Qc7 16. Qd3 O-O 17. c4 Bf6 18. Rac1 Qa5 19. cxd5 cxd5 20. Rc2 Rfc8 21. Rfc1 Rxc2 22. Qxc2 h6 23. Bd3 Nc3 24. g3 Qxa2 25. Qxa2 Nxa2 26. Rc7 Nb4 27. Be2 d4 28. Bd2 Nd5 29. Rd7 Rxb3 30. Bc4 Rb1+ 31. Bf1 Rd1 32. Ba5 d3 33. Kg2 Ra1 34. Bd2 Ra2 35. Bf4 d2 36. Be2 g5 37. Bb8 Ra1 38. h4 d1=Q 39. Bxd1 Rxd1 0-1


[Site "https://www.chess.com"]

[Event "Titled Tuesday Blitz November 22 Early 2022"]
[White "Reprintsev, Alexander"]
[Black "Streltsov, Alexey"]
[WhiteFideId "14100541"]
[BlackFideId "24104434"]
[WhiteElo "2230"]
[BlackElo "2544"]
[Result "1/2-1/2"]
[Round "09"]
[TimeControl "180+1"]
[Date "2022.11.23"]
[WhiteClock "0:00:17"]
[BlackClock "0:00:27"]

1. e4 c6 2. Nc3 d5 3. Nf3 d4 4. Ne2 c5 5. Ng3 Nc6 6. Bb5 Qc7 7. c3 e5 8. Bxc6+ bxc6 9. O-O g6 10. Qa4 Bd7 11. d3 Bg7 12. Nd2 Nf6 13. Nc4 O-O 14. f4 Ng4 15. h3 exf4 16. Bxf4 Ne5 17. cxd4 cxd4 18. Nxe5 Bxe5 19. Bxe5 Qxe5 20. Ne2 Rfd8 21. Qxd4 Qxd4+ 22. Nxd4 Be8 23. Nb3 Rxd3 24. Rad1 Rad8 25. Rxd3 Rxd3 26. Kf2 c5 27. Rc1 f5 28. exf5 Bf7 29. fxg6 hxg6 30. Rc3 Rd1 31. Rxc5 Bxb3 32. axb3 Rd2+ 33. Kf3 Rxb2 34. Rb5 Kg7 35. g4 Kh6 36. h4 Rh2 37. Kg3 Rc2 38. Rb7 Rc3+ 39. Kf4 g5+ 40. hxg5+ Kg6 41. Rxa7 Rxb3 42. Ra6+ Kg7 43. g6 Rb7 44. Kg5 Rb5+ 45. Kh4 Rb7 46. Kh5 Rb5+ 47. g5 Rb7 48. Rf6 Rb1 49. Rf7+ Kg8 50. Rh7 Rh1+ 51. Kg4 Rxh7 52. gxh7+ Kxh7 53. Kf4 Kg7 54. Kf5 Kf7 55. g6+ Kg7 56. Kg5 Kg8 57. Kf6 Kf8 58. g7+ Kg8 59. Kg6 1/2-1/2


[Site "https://www.chess.com"]

[Event "Titled Tuesday Blitz November 22 Early 2022"]
[White "Rios Escobar, Adan"]
[Black "Berezin, Viktor"]
[WhiteFideId "3403645"]
[BlackFideId "14107872"]
[WhiteElo "2352"]
[BlackElo "2310"]
[Result "1-0"]
[Round "09"]
[TimeControl "180+1"]
[Date "2022.11.23"]
[WhiteClock "0:00:34"]
[BlackClock "0:02:29"]

1. d4 Nf6 2. g3 g6 3. Bg2 Bg7 4. e4 O-O 5. Ne2 d6 6. O-O Nc6 7. Nbc3 e5 8. dxe5 dxe5 9. Bg5 Qxd1 10. Rfxd1 Be6 11. Nd5 Bxd5 12. exd5 Nb4 13. a3 Nxc2 14. Rac1 Nd4 15. Nxd4 exd4 16. Rxc7 h6 17. Bxf6 Bxf6 18. Rxb7 Rab8 19. Rxb8 Rxb8 20. b4 a5 21. bxa5 Ra8 22. d6 Rd8 23. a6 1-0


[Site "https://www.chess.com"]

[Event "Titled Tuesday Blitz November 22 Early 2022"]
[White "Rose, Felix"]
[Black "Begunov, Konstantin"]
[WhiteFideId "5105722"]
[BlackFideId "4118510"]
[WhiteElo "2039"]
[BlackElo "2140"]
[Result "1-0"]
[Round "09"]
[TimeControl "180+1"]
[Date "2022.11.23"]
[WhiteClock "0:00:14"]
[BlackClock "0:00:01"]

1. e4 c5 2. Nf3 d6 3. d4 cxd4 4. Nxd4 Nf6 5. Nc3 a6 6. Be3 Ng4 7. Bc1 Nc6 8. h3 Qb6 9. hxg4 Qxd4 10. Bd3 e6 11. Be3 Qb4 12. a3 Qxb2 13. Na4 Qf6 14. Nb6 Rb8 15. g5 Qc3+ 16. Kf1 Ne5 17. f4 Nxd3 18. cxd3 Bd7 19. Nxd7 Kxd7 20. Rc1 Qxa3 21. Kf2 Be7 22. Ra1 Qb4 23. Rb1 Qa5 24. Qc2 Rhc8 25. Qb2 Bf8 26. Rxh7 b5 27. g6 fxg6 28. Rxg7+ Bxg7 29. Qxg7+ Kd8 30. Rh1 Rc2+ 31. Kf3 Kc8 32. Rh8+ Qd8 33. Rxd8+ Kxd8 34. Qxg6 Rbc8 35. Qxe6 Kc7 36. Qe7+ Kc6 37. f5 Rc3 38. f6 Rxd3 39. f7 d5 40. exd5+ Kxd5 41. f8=Q Rxf8+ 42. Qxf8 b4 43. Qd8+ Kc4 44. Qc8+ Kb3 45. Qxa6 Rc3 46. Qe6+ Kc2 47. g3 b3 48. Qe4+ Kb2 49. Kf4 Ka2 50. Bd4 Rc2 51. Qa8+ Kb1 52. Qa1# 1-0


[Site "https://www.chess.com"]

[Event "Titled Tuesday Blitz November 22 Early 2022"]
[White "Rottenwohrer Suarez, Juan"]
[Black "Koridze, Lile"]
[WhiteFideId "32068182"]
[BlackFideId "13612514"]
[WhiteElo "2195"]
[BlackElo "2050"]
[Result "0-1"]
[Round "09"]
[TimeControl "180+1"]
[Date "2022.11.23"]
[WhiteClock "0:00:04"]
[BlackClock "0:00:05"]

1. d4 Nf6 2. c4 e6 3. Nc3 Bb4 4. Qc2 O-O 5. Nf3 d5 6. cxd5 exd5 7. Bg5 c6 8. e3 Be7 9. Bd3 h6 10. Bh4 Nbd7 11. O-O Re8 12. Rab1 Nf8 13. b4 Ne4 14. Bxe7 Qxe7 15. Bxe4 dxe4 16. Ne5 Bf5 17. f3 Qg5 18. fxe4 Qxe3+ 19. Kh1 Qxd4 20. Nxf7 Bxe4 21. Nxe4 Qxe4 22. Qxe4 Rxe4 23. Nd6 Re2 24. Nxb7 Rxa2 25. Na5 c5 26. Nc6 cxb4 27. Rxb4 Re8 28. h3 Ree2 29. Rg4 Ne6 30. Ne7+ Kh7 31. Nf5 Rf2 32. Rxf2 Rxf2 33. Nd6 a5 34. Ra4 Nf4 35. Kg1 Rxg2+ 36. Kf1 Rd2 37. Ne4 Rd5 38. h4 Nd3 39. Nc3 Rf5+ 40. Ke2 Nb4 41. Nd1 Rf4 42. Rxa5 Rxh4 43. Ne3 Nc6 44. Rb5 Nd4+ 45. Kf2 Nxb5 46. Kg3 Rd4 47. Nf5 Rd3+ 48. Kf2 Nd6 49. Ng3 Rd4 50. Ne2 Rd2 51. Ke3 Rxe2+ 52. Kxe2 Kg6 0-1


[Site "https://www.chess.com"]

[Event "Titled Tuesday Blitz November 22 Early 2022"]
[White "Spalir, Monika"]
[Black "Fabris, Alberto"]
[WhiteFideId "14609118"]
[BlackFideId "801348"]
[WhiteElo "2032"]
[BlackElo "2158"]
[Result "1-0"]
[Round "09"]
[TimeControl "180+1"]
[Date "2022.11.23"]
[WhiteClock "0:00:05"]
[BlackClock "0:00:01"]

1. d4 Nf6 2. Nf3 e6 3. Bf4 c5 4. e3 b6 5. Nbd2 Be7 6. c3 O-O 7. Bd3 d5 8. e4 dxe4 9. Nxe4 Bb7 10. Nxf6+ Bxf6 11. dxc5 bxc5 12. O-O Nc6 13. Be4 Qb6 14. Qc2 g6 15. h4 Bg7 16. h5 Ne7 17. hxg6 hxg6 18. Ne5 Rad8 19. Rae1 Nf5 20. Bg5 Bxe4 21. Qxe4 Rd5 22. Ng4 f6 23. Bc1 Kf7 24. c4 Rd4 25. Qf3 Qd6 26. Ne3 Rh8 27. g3 Nxe3 28. Bxe3 Rxc4 29. b3 Rc3 30. Qb7+ Qe7 31. Qe4 f5 32. Qa4 Rd8 33. Rd1 Rcd3 34. Rc1 R3d5 35. Rc2 R8d7 36. Rfc1 Rc7 37. Kg2 Qd6 38. Qb5 a6 39. Qa5 Bd4 40. Bxd4 Rxd4 41. Rxc5 Rxc5 42. Qxc5 Qxc5 43. Rxc5 Kf6 44. Ra5 Rd6 45. Kf3 e5 46. Ke3 Ke6 47. a4 Kd7 48. b4 Kc7 49. Rxe5 Kb6 50. a5+ Kc6 51. Rc5+ Kd7 52. b5 axb5 53. Rxb5 Rd1 54. Rb7+ Ke6 55. Rb6+ Kf7 56. a6 Ra1 57. Rb7+ Kf6 58. a7 Ra4 59. Kf3 g5 60. Ke3 Ke5 61. Re7+ Kf6 62. Rb7 Ke5 63. Kd3 Kd5 64. Rg7 g4 65. Rf7 Ke5 66. Kc3 Ke6 67. Rh7 Ke5 68. Kb3 Ra1 69. Kb4 Ke4 70. Rf7 Rb1+ 71. Kc5 Ra1 72. Kb6 Rb1+ 73. Kc7 Ra1 74. Kb8 Ra2 75. a8=Q+ 1-0


[Site "https://www.chess.com"]